 Dungeon Crawl Stone Soup version 0.28-b1-25-g9875b3fc8c (webtiles) character file.

Game seed: 15495870901643290478

74 sanka the Magician (level 4, 0/25 HPs)
             Began as a Deep Elf Transmuter on Feb 7, 2022.
             Succumbed to an adder's poison
             ... on level 3 of the Dungeon.
             The game lasted 00:03:52 (3024 turns).

sanka the Magician (Deep Elf Transmuter)            Turns: 3024, Time: 00:03:52

Health: 0/25       AC:  5    Str: 11    XL:     4   Next: 9%
Magic:  12/12      EV: 12    Int: 20    God:
Gold:   46         SH:  0    Dex: 15    Spells: 6/12 levels left

rFire   + . .      SeeInvis .   k - +5 war axe
rCold   . . .      Faith    .   (no shield)
rNeg    . . .      Spirit   .   f - +2 leather armour of the Slug {rF+ Str+4}
rPois   .          Reflect  .   (no helmet)
rElec   .          Harm     .   (no cloak)
rCorr   .          Rampage  .   (no gloves)
Will    .....                   (no boots)
Stlth   +.........              g - amulet of magic regeneration
HPRegen 0.08/turn               (no ring)
MPRegen 0.53/turn               (no ring)

@: lethally poisoned (0 -> -2), attractive
A: no striking features
a: no special abilities


You were on level 3 of the Dungeon.
You visited 1 branch of the dungeon, and saw 3 of its levels.

You collected 46 gold pieces.

Inventory:

Hand Weapons
 k - a +5 war axe (weapon)
Armour
 a - a +0 robe
 f - the +2 leather armour of the Slug (worn) {rF+ Str+4}
   (You found it on level 2 of the Dungeon)

   Str:       It affects your strength (+4).
   rF:        It protects you from fire.
Jewellery
 g - an amulet of magic regeneration (around neck)
Wands
 d - a wand of iceblast (15)
Scrolls
 b - a scroll of fog {unknown}
 j - a scroll of brand weapon {unknown}
 m - a scroll of identify {unknown}
Potions
 c - 2 potions of curing {unknown}
 e - 2 potions of attraction
 h - a potion of cancellation {unknown}
 i - 2 potions of lignification {unknown}
 l - a potion of degeneration {unknown}


   Skills:
 + Level 1.0 Fighting
 + Level 3.3 Dodging
 - Level 2.4 Unarmed Combat
 - Level 4.8 Spellcasting
 - Level 2.5 Transmutations
 - Level 0.9 Poison Magic


You had 6 spell levels left.
You knew the following spells:

 Your Spells              Type           Power      Damage    Failure   Level
a - Beastly Appendage     Tmut           30%        N/A       5%          1
b - Spider Form           Tmut/Pois      11%        N/A       22%         3
c - Wereblood             Tmut           15%        N/A       9%          2

Your spell library contained the following spells:

 Spells                   Type           Power      Damage    Failure   Level
 Gell's Gravitas          Tloc           4%         N/A       43%         3
 Lesser Beckoning         Tloc           4%         N/A       43%         3
 Teleport Other           Tloc           4%         N/A       43%         3
 Ice Form                 Ice/Tmut       9%         N/A       67%         4


Dungeon Overview and Level Annotations

Branches:
Dungeon (3/15)

Altars:

Annotations:
D:1 exclusion: gnoll


Message History

The adder bites you. x2
You are poisoned.
The adder poisons you!
You completely miss the adder.
The adder is almost dead.
You feel sick. The adder bites you. The adder barely misses you.
Unknown command.
You miss the adder.
The adder is almost dead.
You feel sick. The adder bites you. x2
Unknown command.
You are too injured to fight recklessly!
Unknown command.
You are too injured to fight recklessly!
Unknown command.
You closely miss the adder.
The adder is almost dead.
You feel sick. The adder closely misses you. The adder bites you.
* * * LOW HITPOINT WARNING * * *
You are lethally poisoned!
The adder poisons you!
Unknown command.
You slash the adder!
You kill the adder!
* * * LOW HITPOINT WARNING * * *
You feel sick.
Your Fighting skill increases to level 1!
You have reached level 4!
You feel clever.
Unknown command.
Unknown command.
* * * LOW HITPOINT WARNING * * *
You feel sick.
* * * LOW HITPOINT WARNING * * *
You feel sick.
* * * LOW HITPOINT WARNING * * *
You feel sick.
It was a potion of attraction.
You feel attractive to monsters.
You die...

#.# .# #....†..# .. .#
##.### #. .# #[...#
#.##.# #....#
#..#.########....#
##.#†...#...<....#
#.......++###....#
#.#........ #.....
#@#........ #....#
#.##>...... #....# #.#
....### ###### #.# .####
#######.# ....# #
#.......#####.# #
#.#(....#...#.# #
#(#.###.#.#.#.##########
#.#.###.#.#.#.#.........


There were no monsters in sight!

Vanquished Creatures
  4 adders
  5 endoplasms
  A goblin (D:1)
  6 hobgoblins
  5 quokkas
  A ball python (D:2)
  6 bats
  2 frilled lizards (D:2)
  4 kobolds
  3 rats (D:1)
37 creatures vanquished.

Notes
Turn   | Place    | Note
-------+----------+-------------------------------------------
     0 | D:1      | sanka the Deep Elf Transmuter began the quest for the Orb.
     0 | D:1      | Reached XP level 1. HP: 11/11 MP: 6/6
   492 | D:1      | Reached skill level 4 in Spellcasting
   492 | D:1      | Reached XP level 2. HP: 14/16 MP: 7/9
  1911 | D:2      | Reached XP level 3. HP: 20/20 MP: 9/11
  1928 | D:2      | Learned a level 3 spell: Spider Form
  1938 | D:2      | Learned a level 2 spell: Wereblood
  2379 | D:2      | Identified the +2 leather armour of the Slug {rF+ Str+4}
  2676 | D:2      | Found a faded altar of an unknown god.
  3021 | D:3      | Reached skill level 1 in Fighting
  3021 | D:3      | Reached XP level 4. HP: 4/25 MP: 12/12
  3023 | D:3      | HP: 1/25 [poisoned by an adder]
  3024 | D:3      | Succumbed to an adder's poison

Illustrated notes

Levels and vault maps discovered:
D:1:      lightli_arrival_maybe_door_vault, layout_basic
D:2:      layout_basic, basic_ecumenical_altar, serial_bayou_pond_e,
          serial_park_tiny_2
D:3:      layout_basic, gammafunk_ghost_split

Skill      XL: |  1  2  3 |
---------------+----------+-----
Spellcasting   | 4 |  4.8
Dodging        | 3 |  3.3
Fighting       | 1 |  1.0
Unarmed Combat | |  2.4
Transmutations | |  2.5
Poison Magic   | |  0.9

Action                   |  1- 3 |  4- 6 || total
-------------------------+-------+-------++-------
Melee: Unarmed           |    80 |       ||    80
       Kick              |    23 |       ||    23
       Headbutt          |     7 |       ||     7
       Punch             |     3 |       ||     3
       War axe           |    26 |       ||    26
 Cast: Beastly Appendage |    20 |       ||    20
       Spider Form       |     1 |       ||     1
  Use: Potion            |       |     1 ||     1
 Stab: Sleeping          |     3 |       ||     3
Armor: Robe              |    22 |       ||    22
       Leather armour    |     6 |       ||     6
Dodge: Dodged            |    79 |       ||    79
